TOP OF THE 1ST |
Nashville G-Strings batting - Pitching for Chicago Machine : RHP Aaron Thrash
|
Pitching: RHP Aaron Thrash
|
|
Batting: SHB Jorge Flores
|
0-0: Called Strike 0-1: Ground out 4-3 (Groundball, 4)
|
Batting: LHB Jesús Núñez
|
0-0: SINGLE (Groundball, 34S) (infield hit)
|
Batting: RHB Sergio Márquez
|
0-0: Called Strike 0-1: Foul Ball, location: 2F 0-2: Ball 1-2: Fly out, F6 (Line Drive, 6)
|
Batting: RHB Danny Campbell
|
0-0: Ball 1-0: Ball 2-0: Fielders Choice at 2nd, 5-4 (Groundball, 56)
|
Top of the 1st over - 0 run(s), 1 hit(s), 0 error(s), 0 left on base; Nashville 0 - Chicago 0 |
BOTTOM OF THE 1ST |
Chicago Machine batting - Pitching for Nashville G-Strings : LHP Dave Huot
|
Pitching: LHP Dave Huot
|
|
Batting: RHB Pablo Sandoval
|
0-0: Ball 1-0: Ball 2-0: Foul Ball, location: 2F 2-1: Called Strike 2-2: Foul Ball, location: 2F 2-2: Strikes out swinging
|
Batting: LHB Keng-chi Lao
|
0-0: Ball 1-0: SINGLE (Flyball, 89S)
|
Batting: RHB Doug Stephens
|
0-0: Ball 1-0: Ball 2-0: Ball 3-0: Called Strike 3-1: Grounds into double play, 6-4-3 (Groundball, 6)
|
Bottom of the 1st over - 0 run(s), 1 hit(s), 0 error(s), 0 left on base; Nashville 0 - Chicago 0 |
TOP OF THE 2ND |
Nashville G-Strings batting - Pitching for Chicago Machine : RHP Aaron Thrash
|
Batting: RHB Vicente Aguirre
|
0-0: Swinging Strike 0-1: Ball 1-1: Called Strike 1-2: Ball 2-2: Strikes out swinging
|
Batting: RHB António Ortega
|
0-0: Called Strike 0-1: Ball 1-1: Swinging Strike 1-2: Strikes out swinging
|
Batting: SHB Rob Grun
|
0-0: Swinging Strike 0-1: Ball 1-1: Ball 2-1: SOLO HOME RUN (Flyball, 9LD), Distance : 384 ft
|
Batting: RHB Greg King
|
0-0: Ball 1-0: Swinging Strike 1-1: Called Strike 1-2: Strikes out swinging
|
Top of the 2nd over - 1 run(s), 1 hit(s), 0 error(s), 0 left on base; Nashville 1 - Chicago 0 |
BOTTOM OF THE 2ND |
Chicago Machine batting - Pitching for Nashville G-Strings : LHP Dave Huot
|
Batting: SHB Clint Woods
|
0-0: Foul Ball, location: 2F 0-1: Swinging Strike 0-2: Ball 1-2: Strikes out swinging
|
Batting: RHB Lorenzo Guzmán
|
0-0: Ball 1-0: Ball 2-0: Called Strike 2-1: Foul Ball, location: 2F 2-2: Foul Ball, location: 2F 2-2: Ball 3-2: Ground out 4-3 (Groundball, 34)
|
Batting: LHB Fernando Ortíz
|
0-0: Called Strike 0-1: Called Strike 0-2: Ball 1-2: SINGLE (Groundball, 6MD)
|
Batting: RHB Roberto Tobías
|
0-0: Ball 1-0: Ball 2-0: Foul Ball, location: 2F 2-1: SINGLE (Flyball, 9S) Fernando Ortíz to second Runner from 2nd tries for 3rd, SAFE, throw made to third
|
Batting: SHB José Valdéz
|
0-0: Called Strike 0-1: Ball 1-1: Foul Ball, location: 2F 1-2: Foul Ball, location: 2F 1-2: Fielders Choice at 2nd, 6-4 (Groundball, 6)
|
Bottom of the 2nd over - 0 run(s), 2 hit(s), 0 error(s), 1 left on base; Nashville 1 - Chicago 0 |
TOP OF THE 3RD |
Nashville G-Strings batting - Pitching for Chicago Machine : RHP Aaron Thrash
|
Batting: RHB Wilson López
|
0-0: Ball 1-0: Fly out, F9 (Flyball, 89D)
|
Batting: SHB Jorge Flores
|
0-0: Ball 1-0: Ball 2-0: Swinging Strike 2-1: SINGLE (Line Drive, 34)
|
Batting: LHB Jesús Núñez
|
0-0: Ball 1-0: Ball 2-0: Called Strike 2-1: Foul Ball, location: 2F 2-2: Strikes out swinging
|
Batting: RHB Sergio Márquez
|
0-0: Called Strike 0-1: Ball 1-1: Ball 2-1: Fielders Choice at 2nd, U4 (Groundball, 4M)
|
Top of the 3rd over - 0 run(s), 1 hit(s), 0 error(s), 1 left on base; Nashville 1 - Chicago 0 |
BOTTOM OF THE 3RD |
Chicago Machine batting - Pitching for Nashville G-Strings : LHP Dave Huot
|
Batting: SHB Joaquín López
|
0-0: Swinging Strike 0-1: Ball 1-1: Ball 2-1: Swinging Strike 2-2: Ball 3-2: Strikes out swinging
|
Batting: RHB Pablo Sandoval
|
0-0: Called Strike 0-1: SINGLE (Groundball, 56D)
|
Batting: LHB Keng-chi Lao
|
0-0: Called Strike 0-1: Ball 1-1: Ball 2-1: Swinging Strike 2-2: Strikes out swinging
|
Batting: RHB Doug Stephens
|
0-0: Ball 1-0: Foul Ball, location: 2F 1-1: Ball 2-1: Fly out, F8 (Flyball, 8RM)
|
Bottom of the 3rd over - 0 run(s), 1 hit(s), 0 error(s), 1 left on base; Nashville 1 - Chicago 0 |
TOP OF THE 4TH |
Nashville G-Strings batting - Pitching for Chicago Machine : RHP Aaron Thrash
|
Batting: RHB Danny Campbell
|
0-0: Ball 1-0: Foul Ball, location: 2F 1-1: Ball 2-1: Swinging Strike 2-2: Foul Ball, location: 2F 2-2: Strikes out looking
|
Batting: RHB Vicente Aguirre
|
0-0: Ball 1-0: Ground out 4-3 (Groundball, 4)
|
Batting: RHB António Ortega
|
0-0: Ball 1-0: Ball 2-0: Called Strike 2-1: Called Strike 2-2: Fly out, F9 (Flyball, 9)
|
Top of the 4th over - 0 run(s), 0 hit(s), 0 error(s), 0 left on base; Nashville 1 - Chicago 0 |
BOTTOM OF THE 4TH |
Chicago Machine batting - Pitching for Nashville G-Strings : LHP Dave Huot
|
Batting: SHB Clint Woods
|
0-0: Called Strike 0-1: Fly out, F8 (Flyball, 8LD)
|
Batting: RHB Lorenzo Guzmán
|
0-0: SOLO HOME RUN (Flyball, 8RD), Distance : 430 ft
|
Batting: LHB Fernando Ortíz
|
0-0: Ball 1-0: Foul Ball, location: 2F 1-1: Ball 2-1: Called Strike 2-2: Foul Ball, location: 2F 2-2: SINGLE (Line Drive, 8LS)
|
Batting: RHB Roberto Tobías
|
0-0: Ball 1-0: Called Strike 1-1: Ball 2-1: Ball 3-1: Foul Ball, location: 2F 3-2: SINGLE (Line Drive, 6M) Fernando Ortíz to second
|
Batting: SHB José Valdéz
|
0-0: Ball 1-0: Ball 2-0: SINGLE (Groundball, 56D) Fernando Ortíz to third Roberto Tobías to second
|
Batting: SHB Joaquín López
|
0-0: Ball 1-0: Foul Ball, location: 2F 1-1: Ball 2-1: SINGLE (Groundball, 4MD) Fernando Ortíz scores Roberto Tobías to third José Valdéz to second Runner from 3rd tries for Home, SAFE, throw made home José Valdéz to third Joaquín López to second
|
Batting: RHB Pablo Sandoval
|
0-0: Called Strike 0-1: Foul Ball, location: 2F 0-2: SINGLE (Groundball, 3D) José Valdéz scores Joaquín López to third Runner from 3rd tries for Home, SAFE, throw made home Pablo Sandoval to second
|
Batting: LHB Keng-chi Lao
|
0-0: Called Strike 0-1: Ball 1-1: Ball Pablo Sandoval is caught stealing 3rd base 2-1: Ground out 1-3 (Groundball, 13S)
|
Bottom of the 4th over - 5 run(s), 6 hit(s), 0 error(s), 0 left on base; Nashville 1 - Chicago 5 |
TOP OF THE 5TH |
Nashville G-Strings batting - Pitching for Chicago Machine : RHP Aaron Thrash
|
Batting: SHB Rob Grun
|
0-0: Called Strike 0-1: Ball 1-1: Foul Ball, location: 2F 1-2: Foul Ball, location: 2F 1-2: Strikes out swinging
|
Batting: RHB Greg King
|
0-0: Ball 1-0: SOLO HOME RUN (Line Drive, 7D), Distance : 413 ft
|
Batting: RHB Wilson López
|
0-0: Called Strike 0-1: Ball 1-1: Swinging Strike 1-2: Ball 2-2: Ball 3-2: Base on Balls
|
Batting: SHB Jorge Flores
|
0-0: Fly out, F7 (Flyball, 7)
|
Batting: LHB Jesús Núñez
|
0-0: Ball 1-0: SINGLE (Line Drive, 4M) Wilson López to second
|
Batting: RHB Sergio Márquez
|
0-0: Called Strike 0-1: Swinging Strike 0-2: Ball 1-2: Foul Ball, location: 2F 1-2: Strikes out swinging
|
Top of the 5th over - 1 run(s), 2 hit(s), 0 error(s), 2 left on base; Nashville 2 - Chicago 5 |
BOTTOM OF THE 5TH |
Chicago Machine batting - Pitching for Nashville G-Strings : LHP Dave Huot
|
Pitching: RHP Arturo Leal
|
|
Batting: RHB Doug Stephens
|
0-0: Ball 1-0: Called Strike 1-1: Ball 2-1: Swinging Strike 2-2: Fly out, F7 (Flyball, 7LMF)
|
Batting: SHB Clint Woods
|
0-0: Ball 1-0: Foul Ball, location: 2F 1-1: Ball 2-1: Foul Ball, location: 2F 2-2: DOUBLE (Line Drive, 78M)
|
Batting: RHB Lorenzo Guzmán
|
0-0: SINGLE (Line Drive, 8LS) Clint Woods to third
|
Batting: LHB Fernando Ortíz
|
0-0: Called Strike 0-1: Ball 1-1: Called Strike 1-2: Ball 2-2: Ball 3-2: Base on Balls Lorenzo Guzmán to second
|
Batting: RHB Roberto Tobías
|
0-0: SINGLE (Groundball, 34D) Clint Woods scores Lorenzo Guzmán to third Fernando Ortíz to second Runner from 3rd tries for Home, SAFE, throw made home
|
Batting: SHB José Valdéz
|
0-0: Ball 1-0: Ball 2-0: Grounds into double play, 4-6-3 (Groundball, 4)
|
Bottom of the 5th over - 2 run(s), 3 hit(s), 0 error(s), 1 left on base; Nashville 2 - Chicago 7 |
TOP OF THE 6TH |
Nashville G-Strings batting - Pitching for Chicago Machine : RHP Aaron Thrash
|
Batting: RHB Danny Campbell
|
0-0: Fly out, F8 (Flyball, 8RD)
|
Batting: RHB Vicente Aguirre
|
0-0: Called Strike 0-1: Ball 1-1: Fly out, F9 (Flyball, 9S)
|
Batting: RHB António Ortega
|
0-0: Called Strike 0-1: Swinging Strike 0-2: Ball 1-2: Ball 2-2: Fly out, F6 (Line Drive, 6)
|
Top of the 6th over - 0 run(s), 0 hit(s), 0 error(s), 0 left on base; Nashville 2 - Chicago 7 |
BOTTOM OF THE 6TH |
Chicago Machine batting - Pitching for Nashville G-Strings : RHP Arturo Leal
|
Batting: SHB Joaquín López
|
0-0: Ball 1-0: Ball 2-0: Foul Ball, location: 2F 2-1: Foul Ball, location: 2F 2-2: Ground out 4-3 (Groundball, 4)
|
Batting: RHB Pablo Sandoval
|
0-0: SINGLE (Groundball, 6D)
|
Batting: LHB Keng-chi Lao
|
0-0: Called Strike 0-1: Foul Ball, location: 2F 0-2: Grounds into double play, 4-6-3 (Groundball, 34)
|
Bottom of the 6th over - 0 run(s), 1 hit(s), 0 error(s), 0 left on base; Nashville 2 - Chicago 7 |
TOP OF THE 7TH |
Nashville G-Strings batting - Pitching for Chicago Machine : RHP Aaron Thrash
|
Pitching: RHP Horace Jacobs
|
|
Batting: SHB Rob Grun
|
0-0: Ball 1-0: Ball 2-0: Ball 3-0: Called Strike 3-1: Foul Ball, location: 2F 3-2: Fly out, F7 (Flyball, 7LMF)
|
Batting: RHB Greg King
|
0-0: Fly out, F9 (Flyball, 89M)
|
Batting: RHB Wilson López
|
0-0: Called Strike 0-1: Ball 1-1: Ball 2-1: Ball 3-1: Foul Ball, location: 2F 3-2: Strikes out looking
|
Top of the 7th over - 0 run(s), 0 hit(s), 0 error(s), 0 left on base; Nashville 2 - Chicago 7 |
BOTTOM OF THE 7TH |
Chicago Machine batting - Pitching for Nashville G-Strings : RHP Arturo Leal
|
Batting: RHB Doug Stephens
|
0-0: Ball 1-0: Ball 2-0: Fly out, F4 (Popup, 34D)
|
Batting: SHB Clint Woods
|
0-0: Swinging Strike 0-1: Ball 1-1: Fly out, F4 (Line Drive, 4M)
|
Batting: RHB Lorenzo Guzmán
|
0-0: Called Strike 0-1: SOLO HOME RUN (Flyball, 9D), Distance : 390 ft
|
Batting: LHB Fernando Ortíz
|
0-0: Ball 1-0: Swinging Strike 1-1: Swinging Strike 1-2: Fly out, F9 (Line Drive, 89M)
|
Bottom of the 7th over - 1 run(s), 1 hit(s), 0 error(s), 0 left on base; Nashville 2 - Chicago 8 |
TOP OF THE 8TH |
Nashville G-Strings batting - Pitching for Chicago Machine : RHP Horace Jacobs
|
Now at C: Héctor Cruz
|
|
Batting: SHB Jorge Flores
|
0-0: Ball 1-0: SINGLE (Line Drive, 78S)
|
Batting: LHB Jesús Núñez
|
0-0: Ball 1-0: Ball 2-0: Fly out, F9 (Line Drive, 9S)
|
Batting: RHB Sergio Márquez
|
0-0: Called Strike 0-1: Ball 1-1: Foul Ball, location: 2F 1-2: Ground out 5-3 (Groundball, 5S) Jorge Flores to second
|
Batting: RHB Danny Campbell
|
0-0: Ground out 5-3 (Groundball, 56S)
|
Top of the 8th over - 0 run(s), 1 hit(s), 0 error(s), 1 left on base; Nashville 2 - Chicago 8 |
BOTTOM OF THE 8TH |
Chicago Machine batting - Pitching for Nashville G-Strings : RHP Arturo Leal
|
Batting: RHB Roberto Tobías
|
0-0: Called Strike 0-1: Ball 1-1: Ball 2-1: Ball 3-1: Foul Ball, location: 2F 3-2: Base on Balls
|
Batting: SHB José Valdéz
|
0-0: Called Strike 0-1: Fly out, F7 (Flyball, 78S)
|
Batting: SHB Joaquín López
|
0-0: Grounds into double play, 4-6-3 (Groundball, 4)
|
Bottom of the 8th over - 0 run(s), 0 hit(s), 0 error(s), 0 left on base; Nashville 2 - Chicago 8 |
TOP OF THE 9TH |
Nashville G-Strings batting - Pitching for Chicago Machine : RHP Horace Jacobs
|
Batting: RHB Vicente Aguirre
|
0-0: Ball 1-0: Foul Ball, location: 2F 1-1: Ball 2-1: TRIPLE (Groundball, 3L)
|
Batting: RHB António Ortega
|
0-0: Called Strike 0-1: Ball 1-1: Swinging Strike 1-2: Ball 2-2: Fly out, F8 (Flyball, 8RS) Runner from 3rd tags up, SCORES, no throw
|
Batting: SHB Rob Grun
|
0-0: Ball 1-0: Called Strike 1-1: SINGLE (Flyball, 89S)
|
Batting: RHB Greg King
|
0-0: Ball 1-0: Called Strike 1-1: Foul Ball, location: 2F 1-2: Fly out, F6 (Line Drive, 6)
|
Batting: RHB Wilson López
|
0-0: Called Strike 0-1: Foul Ball, location: 2F 0-2: Ground out U3 (Groundball, 3)
|
Top of the 9th over - 1 run(s), 2 hit(s), 0 error(s), 1 left on base; Nashville 3 - Chicago 8 |
|